 Dungeon Crawl Stone Soup version 0.21.0 (webtiles) character file.

61 Hekarica the Stinger (level 4, 0/28 HPs)
             Began as an Octopode Venom Mage on May 22, 2018.
             Was an Initiate of Gozag.
             Slain by a hound (5 damage)
             ... on level 4 of the Dungeon on May 23, 2018.
             The game lasted 00:10:34 (2300 turns).

Hekarica the Stinger (Octopode Venom Mage)          Turns: 2300, Time: 00:10:35

Health: 0/28       AC:  1    Str:  8    XL:     4   Next: 7%
Magic:  1/7        EV: 13    Int: 17    God:    Gozag
Gold:   103        SH:  0    Dex: 12    Spells: 3/7 levels left

rFire    . . .     SeeInvis .     - Unarmed
rCold    . . .     Gourm    .   (no shield)
rNeg     . . .     Faith    .   (helmet restricted)
rPois    .         Spirit   .   (no amulet)
rElec    .         Reflect  .   (no ring)
rCorr    .         Harm     .   (no ring)
MR       .....                  (no ring)
Stlth    +++.......             (no ring)
HPRegen  0.09/turn              (no ring)
MPRegen  0.10/turn              (no ring)
                                (no ring)
                                (no ring)

@: very slightly contaminated
A: almost no armour, stealthy swim, amphibious, 8 rings, constrict 8, camouflage
1, gelatinous body 1
a: Potion Petition, Call Merchant, Bribe Branch, Renounce Religion


You were on level 4 of the Dungeon.
You worshipped Gozag.
Gozag was aware of your devotion.
You were very hungry.

You visited 1 branch of the dungeon, and saw 4 of its levels.

You collected 119 gold pieces.
You paid 16 gold pieces to Gozag.

Inventory:

Hand Weapons
 g - a +1 hand axe of electrocution
Jewellery
 e - an uncursed amulet of faith {unknown}
Scrolls
 b - 2 scrolls of remove curse {unknown}
 d - 4 scrolls of amnesia
 f - 2 scrolls of identify
 l - 2 scrolls of blinking {unknown}
Books
 a - a Young Poisoner's Handbook

   Spells                             Type                      Level
   a - Sting                          Conjuration/Poison           1
   b - Poisonous Vapours              Poison/Air                   2
   c - Mephitic Cloud                 Conjuration/Poison/Air       3
   d - Olgreb's Toxic Radiance        Poison                       4
   e - Venom Bolt                     Conjuration/Poison           5


   Skills:
 + Level 1.2 Fighting
 + Level 2.4 Dodging
 - Level 3.0 Stealth
 * Level 1.9 Unarmed Combat
 + Level 2.4 Spellcasting
 - Level 1.0 Conjurations
 + Level 0.5 Air Magic
 - Level 3.6 Poison Magic


You had 3 spell levels left.
You knew the following spells:

 Your Spells              Type           Power        Failure   Level  Hunger
a - Sting                 Conj/Pois      #...         7%          1    #......
b - Mephitic Cloud        Conj/Pois/Air  #.......     28%         3    ###....


Dungeon Overview and Level Annotations

Branches:
Dungeon (4/15)
 Temple: D:4-7

Altars:
Dithmenos
Fedhas
Gozag
Hepliaklqana
Ru

Annotations:
D:3 vykuza's ghost, amateur GrFi
D:4 Hekarica's ghost, novice VSAs


Innate Abilities, Weirdness & Mutations

You cannot wear most types of armour.
You are very stealthy in the water. (Stealth+)
You are amphibious.
You can wear up to eight rings at the same time.
You can use your tentacles to constrict eight enemies at once.
Your skin changes colour to match your surroundings (Stealth+).
Your rubbery body absorbs attacks. (AC +1, EV +1)


Message History

Hekarica's ghost (novice Vine Stalker Assassin) comes into view.
You tentacle-slap the hound but do no damage.
You squeeze the hound, but do no damage.
The hound is moderately wounded.
You constrict the hound.
The hound looks more healthy.
The hound bites you.
You tentacle-slap the hound.
The hound is heavily wounded.
You constrict the hound. The hound bites you.
* * * LOW HITPOINT WARNING * * *
The hound bites you.
* * * LOW HITPOINT WARNING * * *
You tentacle-slap the hound but do no damage.
The hound is heavily wounded.
You constrict the hound. The hound closely misses you. The quokka bites you.
* * * LOW HITPOINT WARNING * * *
You barely miss the hound.
The hound is severely wounded.
You constrict the hound. The hound bites you.
You die...
Your body crumbles into a pile of gold.

. .####
...####### ##
#....[..!. ##.
#.....?... #...
#........$
..#...##.$.......
....W...<).......
$
......h@.........
......r..........
.#.#####........s
. #.........
##########


You could see a hound, Hekarica's ghost and a quokka.

Vanquished Creatures
  A hound skeleton (D:3)
  2 worms
  A dart slug (D:1)
  2 leopard geckos
  6 goblins
  3 hobgoblins (D:1)
  3 jackals (D:2)
  A quokka (D:2)
  A ball python (D:3)
  6 bats
  3 frilled lizards
  4 kobolds
  8 rats
41 creatures vanquished.

Notes
Turn   | Place    | Note
-------+----------+-------------------------------------------
     0 | D:1      | Hekarica the Octopode Venom Mage began the quest for the Orb.
     0 | D:1      | Reached XP level 1. HP: 11/11 MP: 3/3
   345 | D:1      | Reached XP level 2. HP: 9/18 MP: 0/5
   619 | D:1      | Reached skill level 1 in Unarmed Combat
   914 | D:1      | Reached XP level 3. HP: 22/22 MP: 0/6
  1075 | D:1      | Learned a level 1 spell: Sting
  1079 | D:1      | Learned a level 3 spell: Mephitic Cloud
  1095 | D:2      | Found a sacrificial altar of Ru.
  1127 | D:2      | Reached skill level 1 in Fighting
  1475 | D:2      | Found a shadowy altar of Dithmenos.
  1772 | D:2      | Found an opulent altar of Gozag.
  1772 | D:2      | Found a hazy altar of Hepliaklqana.
  1780 | D:2      | Became a worshipper of Gozag Ym Sagoz the Greedy
  1852 | D:2      | Found a blossoming altar of Fedhas.
  2248 | D:3      | Noticed vykuza's ghost (amateur GrFi)
  2283 | D:4      | Reached XP level 4. HP: 18/28 MP: 7/7
  2297 | D:4      | Noticed Hekarica's ghost (novice VSAs)
  2300 | D:4      | Slain by a hound

Skill      XL: |  1  2  3 |
---------------+----------+-----
Unarmed Combat | 1 |  1.9
Stealth        | 3 |  3.0
Fighting       | 1 |  1.2
Dodging        | |  2.4
Spellcasting   | |  2.4
Conjurations   | |  1.0
Air Magic      | |  0.5
Poison Magic   | |  3.6

Action                   |  1- 3 |  4- 6 || total
-------------------------+-------+-------++-------
Melee: Unarmed           |    59 |     7 ||    66
       Constrict         |    14 |     2 ||    16
       Tentacles         |     7 |     1 ||     8
       Punch             |       |     1 ||     1
 Cast: Sting             |    44 |     5 ||    49
  Use: Scroll            |     6 |       ||     6
       Potion            |     5 |       ||     5
 Stab: Sleeping          |     2 |       ||     2
  Eat: Ration            |     1 |       ||     1
Armor: Skin              |    21 |       ||    21
Dodge: Dodged            |    55 |     2 ||    57
